 Seeded DCSS version 0.28.0-53-g5a82cb258f (webtiles) character file.

Game seed: 10077074884737061911 (custom seed)

3 Sanktem7 the Sneak (level 1, 9/9 HPs)
             Began as a Spriggan Enchanter on July 1, 2022.
             Quit the game on level 1 of the Dungeon.
             The game lasted 00:01:39 (305 turns).

Sanktem7 the Sneak (Spriggan Enchanter)              Turns: 305, Time: 00:01:40

Health: 9/9        AC:  2    Str:  4    XL:     1   Next: 41%
Magic:  5/5        EV: 17    Int: 16    God:
Gold:   1266       SH:  0    Dex: 15    Spells: 5/5 levels left

rFire   . . .      SeeInvis +   a - +1 dagger {short}
rCold   . . .      Faith    .   (no shield)
rNeg    . . .      Spirit   .   b - +0 robe
rPois   .          Reflect  .   (helmet restricted)
rElec   .          Harm     .   (no cloak)
rCorr   .          Rampage  .   (gloves unavailable)
Will    .....                   (boots unavailable)
Stlth   +++.......              (no amulet)
HPRegen 0.03/turn               (no ring)
MPRegen 0.09/turn               (no ring)

@: very quick
A: very small, no large weapons, unfitting armour, see invisible, speed 3
a: no special abilities


You were on level 1 of the Dungeon.
You visited 1 branch of the dungeon, and saw 1 of its levels.

You collected 1266 gold pieces.


Innate Abilities, Weirdness & Mutations

You are very small and have problems with some larger weapons.
You are too small for most types of armour.
You have supernaturally acute eyesight. (SInv)
You cover ground extremely quickly. (Speed+++)


   Skills:
 - Level 1.1 Short Blades
 + Level 2.8 Dodging
 * Level 4.6 Stealth
 - Level 2.6 Spellcasting
 * Level 3.7 Hexes


You had 5 spell levels left.
You didn't know any spells.
Your spell library contained the following spells:

 Spells                   Type           Power      Damage    Failure   Level
 Confusing Touch          Hex            14%        N/A       12%         3
 Tukima's Dance           Hex            14%        N/A       12%         3
 Ensorcelled Hibernation  Hex/Ice        16%        N/A       14%         2
 Dazzling Flash           Conj/Hex       16%        N/A       26%         3
 Anguish                  Hex/Necr       4%         N/A       65%         4
 Enfeeble                 Hex            7%         N/A       100%        7

Inventory:

Hand Weapons
 a - a +1 dagger (weapon) {short}
Armour
 b - a +0 robe (worn)
 g - the +5 buckler of Cofyroc {Fly rElec}
   (You acquired it on level 1 of the Dungeon)

   rElec:     It insulates you from electricity.
   Fly:       It grants you flight.
Scrolls
 f - a scroll of magic mapping {unknown}
Potions
 c - a potion of invisibility
 d - a potion of brilliance {unknown}

Dungeon Overview and Level Annotations

Branches:
Dungeon (1/15)

Altars:

#.............#.#
#...............#
#..##.....#.#..##
#..##.....#.#..#
#..##.>...#.#..# #
#..###+##.>..>.# #.#
##..###.##.#.#..# ..
.....#. #...#[.#.#
#..... #.###.@..#
####.####........###
#...................
####†#############.##
#...........# #)#
#.###......[###'##+####
#.# #.......#.........#
#.# #.......#(........#
#.# #.................#


There were no monsters in sight!


Message History

🤖 Initializing magus.rc ...
Options error: Delay interrupt name "hungry" not recognised. (~/.crawlrc:4768) Options error: Bad monster_list_colour key: strict_neutral (~/.crawlrc:4783) ✅ Successfully initialized magus.rc [v1.9.6] Welcome, Sanktem7 the Spriggan Enchanter.
Game seed: 10077074884737061911 (custom seed) Press ? for a list of commands and other information.
Found a ring mail.
Found a staircase leading out of the dungeon.
A giant cockroach comes into view.
You barely miss the giant cockroach. The giant cockroach bites you.
The giant cockroach barely misses you. 😕 HP[-1]
You take 1 damage, and now have 8/9 hp.
You hit the giant cockroach. The giant cockroach bites you. 😮 HP[-2]
You take 2 damage, and now have 6/9 hp.
MASSIVE DAMAGE!! (PAUSE)
You hit the giant cockroach.
The giant cockroach completely misses you.
You hit the giant cockroach.
You kill the giant cockroach!
You start resting. 😎 HP[+3]
Your hp is fully restored (9).
You see here a giant cockroach corpse.
As you open the door, it creaks loudly!
There is an open door here.
You open the door.
There is an open door here.
As you open the door, it creaks loudly!
A goblin comes into view. It is wielding a +0 dagger.
The goblin shouts!
You hear an angry hiss.
There is an open door here.
You hit the goblin. The goblin barely misses you.
You closely miss the goblin.
The goblin hits you with a +0 dagger. 😕 HP[-2]
You take 2 damage, and now have 7/9 hp.
MASSIVE DAMAGE!! (PAUSE)
You miss the goblin. The goblin completely misses you.
You closely miss the goblin. The goblin completely misses you.
You miss the goblin. The goblin closely misses you.
You hit the goblin.
You kill the goblin!
d - a glowing orange potion A frilled lizard comes into view. 😕 HP[+1]
The frilled lizard hisses angrily.
You barely miss the frilled lizard. The frilled lizard closely misses you.
You hit the frilled lizard.
You kill the frilled lizard!
You see here a frilled lizard corpse.
You start resting. 😎 HP[+1]
Your hp is fully restored (9).
Found a stone staircase leading down.
e - 3 scrolls labelled ETINUTWYIVUU
Found a stone staircase leading down.
Found a scroll labelled XUOTSU TADOO.
Found a stone staircase leading down.
You now have 10 gold pieces.
f - a scroll labelled XUOTSU TADOO This is a scroll of acquirement!
Something appears at your feet!
g - the +5 buckler of Cofyroc {Fly rElec} You see here a book of Maledictions.
Something appears at your feet!
You pick up a book of Maledictions and begin reading...
You add the spells Anguish and Enfeeble to your library.
Something appears at your feet!
You now have 1266 gold pieces (gained 1256).
Are you sure you want to abandon this character and quit the game? (Confirm with "yes".)

Action                   || total
-------------------------++-------
Melee: Dagger            ||    12
  Use: Scroll            ||     3
Dodge: Dodged            ||     7

Levels and vault maps discovered:
D:1:      erik_arrival_blinker_ship, layout_basic

Notes
Turn   | Place    | Note
-------+----------+-------------------------------------------
     0 | D:1      | Sanktem7 the Spriggan Enchanter began the quest for the
                  | Orb.
     0 | D:1      | Reached XP level 1. HP: 9/9 MP: 5/5
     0 | D:1      | magus.rc [v1.9.6]
   299 | D:1      | Identified 3 scrolls of acquirement
   299 | D:1      | Acquired the +5 buckler of Cofyroc {Fly rElec}
   301 | D:1      | Acquired a book of Maledictions
   302 | D:1      | You pick up a book of Maledictions and begin reading...
   302 | D:1      | You add the spells Anguish and Enfeeble to your library.
   303 | D:1      | Acquired 1256 gold pieces
   305 | D:1      | Quit the game

Vanquished Creatures
  A giant cockroach (D:1)
  A goblin (D:1)
  A frilled lizard (D:1)
3 creatures vanquished.

Table legend:
 A = Non-vault XP
 B = Vault XP
 C = Vault XP percentage of total XP
 D = Non-vault monster count
 E = Vault monster count
 F = Vault count percentage of total count
                 A         B        C        D         E       F
            +---------+---------+-------+---------+---------+-------
      Total |       5 |       0 |   0.0 |       3 |       0 |   0.0
            +---------+---------+-------+---------+---------+-------
        D:1 |       5 |       0 |   0.0 |       3 |       0 |   0.0
            +---------+---------+-------+---------+---------+-------

Illustrated notes

Table legend:
 A = Kills in this place as a percentage of kills in entire the game.
 B = Kills by you in this place as a percentage of kills by you in the entire game.
 C = Kills by friends in this place as a percentage of kills by friends in the entire game.
 D = Other kills in this place as a percentage of other kills in the entire game.
 E = Experience gained in this place as a percentage of experience gained in the entire game.
 F = Experience gained in this place divided by the number of levels of this place that you have seen.
                   A       B       C       D       E      F
               +-------+-------+-------+-------+-------+----------------------
         Total | 100.0 | 100.0 |   N/A |   N/A | 100.0 |   5.0
       Dungeon | 100.0 | 100.0 |   N/A |   N/A | 100.0 |   5.0
               +-------+-------+-------+-------+-------+----------------------

Table legend: (Time is in decaauts)
 A = Elapsed time spent in this place.
 B = Non-inter-level travel time spent in this place.
 C = Inter-level travel time spent in this place.
 D = Time resting spent in this place.
 E = Time spent auto-exploring this place.
 F = Levels seen in this place.
 G = Mean time per level.
                   A        B        C        D        E       F      G
               +--------+--------+--------+--------+--------+-----+--------+
         Total |    234 |    234 |      0 |    104 |     17 |   1 |  234.0 |
       Dungeon |    234 |    234 |      0 |    104 |     17 |   1 |  234.0 |
               +--------+--------+--------+--------+--------+-----+--------+

Top non-repeatable levels by time:
     D:1: 234 daAuts
